 Dungeon Crawl Stone Soup version 0.21.1-1-g345015f (webtiles) character file.

247 poirepourri the Chopper (level 5, 0/46 HPs)
             Began as a Deep Dwarf Fighter on July 21, 2018.
             Killed by divine providence
             ... invoked by an orc priest
              (12 damage)
             ... on level 4 of the Dungeon.
             The game lasted 00:03:14 (1891 turns).

poirepourri the Chopper (Deep Dwarf Fighter)        Turns: 1891, Time: 00:03:15

Health: 0/46       AC: 10    Str: 19    XL:     5   Next: 85%
Magic:  3/3        EV:  7    Int:  9    God:
Gold:   213        SH:  9    Dex: 13    Spells: 4/4 levels left

rFire    . . .     SeeInvis .   a - +1 war axe
rCold    . . .     Gourm    .   c - +0 shield
rNeg     + . .     Faith    .   b - +0 scale mail
rPois    .         Spirit   .   (no helmet)
rElec    .         Reflect  .   (no cloak)
rCorr    .         Harm     .   n - +1 pair of gloves
MR       .....                  (no boots)
Stlth    ..........             (no amulet)
HPRegen  0.00/turn              m - ring of positive energy
MPRegen  0.08/turn              (no ring)

@: non-regenerating
A: damage resistance, heal wounds, talons 1, sense surroundings 1, shaggy fur 1,
no regeneration
a: Heal Wounds


You were on level 4 of the Dungeon.
You were not hungry.

You visited 1 branch of the dungeon, and saw 4 of its levels.
You also visited: Sewer.

You collected 213 gold pieces.

Inventory:

Hand Weapons
 a - a +1 war axe (weapon)
Missiles
 l - 11 poisoned needles
Armour
 b - a +0 scale mail (worn)
 c - a +0 shield (worn)
 n - a +1 pair of gloves (worn)
Jewellery
 m - a ring of positive energy (left hand)
Scrolls
 d - 2 scrolls of identify {unknown}
 e - a scroll of blinking
 h - 2 scrolls of teleportation
Potions
 g - 2 potions of degeneration {unknown}
 i - 2 potions of flight
 j - a potion of agility {unknown}
 k - a potion of invisibility {unknown}
Comestibles
 f - 6 rations


   Skills:
 - Level 2.6 Fighting
 + Level 6.8 Axes
 - Level 3.2 Armour
 - Level 3.2 Shields


You had 4 spell levels left.
You didn't know any spells.

Dungeon Overview and Level Annotations

Branches:
Dungeon (4/15)
 Temple: D:4-7

Altars:


Innate Abilities, Weirdness & Mutations

You are resistant to damage.
You can heal yourself by infusing magical energy.
You passively map a small area around you.
You do not regenerate.
You have sharp toenails.
You are covered in fur. (AC +1)


Message History

You barely miss the giant cockroach.
The giant cockroach is moderately wounded.
The giant cockroach barely misses you.
The giant cockroach bites you but does no damage.
You closely miss the giant cockroach. Your kick misses the giant cockroach.
The giant cockroach is moderately wounded.
You block the giant cockroach's attack.
You slash the giant cockroach!
You kill the giant cockroach!
d - 2 scrolls labeled TIYTINT TYKI (gained 1) 4 orcs and 2 orc priests come into view.
An orc priest is wielding an antimagic hand axe.
The orc shouts! x3; The orc priest shouts!
The orc shouts!
You hear a shout!
The orc priest mumbles some strange prayers to Beogh against you.
Beogh smites you!
* * * LOW HITPOINT WARNING * * *
An orc comes into view. It is wielding a whip.
The orc priest calls down the wrath of Beogh upon you.
Beogh smites you!
You die...

#....##.##.#, ,
#.........<# * * *
#....##....# , ,
#....##....# *
#....##....#, *
#....##....# .
#....##....######..
##.................
#.......@###......
*,
#.................
######....#.......
####.#.oo....
#.#.......
#.#.o.o...
#.#....o..
#.#o.o.... ,
#.#...o...*


You could see 2 orc priests and 2 orcs.

Vanquished Creatures
  A bullfrog zombie (D:3)
  An orc priest (D:3)
  A centaur skeleton (D:2)
  An orc wizard (D:3)
  An adder (D:3)
  6 oozes (Sewer)
  5 worms
  7 leopard geckos
  5 orcs (D:3)
  A ball python (Sewer)
  5 giant cockroaches
  5 goblins
  5 hobgoblins
  10 jackals
  A kobold (D:3)
  9 bats
  2 frilled lizards
  5 rats
71 creatures vanquished.

Notes
Turn   | Place    | Note
-------+----------+-------------------------------------------
     0 | D:1      | poirepourri the Deep Dwarf Fighter began the quest for the Orb.
     0 | D:1      | Reached XP level 1. HP: 20/20 MP: 1/1
   152 | D:2      | Reached skill level 3 in Axes
   152 | D:2      | Reached XP level 2. HP: 27/27 MP: 2/2
   251 | D:2      | Reached skill level 4 in Axes
   251 | D:2      | Reached XP level 3. HP: 19/33 MP: 3/3
   507 | D:3      | Found a glowing drain.
   529 | Sewer    | Entered a sewer
   541 | Sewer    | Reached XP level 4. HP: 11/40 MP: 3/3
   545 | Sewer    | Gained mutation: You are covered in fur. (AC +1) [potion of mutation]
   545 | Sewer    | Gained mutation: You have sharp toenails. [potion of mutation]
   788 | Sewer    | Reached skill level 5 in Axes
  1362 | D:3      | Reached XP level 5. HP: 23/46 MP: 3/3
  1371 | D:3      | Reached skill level 6 in Axes
  1891 | D:4      | Killed from afar by an orc priest

Skill      XL: |  1  2  3  4  5 |
---------------+----------------+-----
Axes           | 3 4 5 6 |  6.8
Fighting       | |  2.6
Armour         | |  3.2
Shields        | |  3.2

Action                   |  1- 3 |  4- 6 || total
-------------------------+-------+-------++-------
Melee: War axe           |    76 |    69 ||   145
       Kick              |       |    17 ||    17
 Abil: Heal Wounds       |     1 |     1 ||     2
  Use: Scroll            |     2 |     3 ||     5
       Potion            |       |     4 ||     4
  Eat: Ration            |       |     1 ||     1
Armor: Scale mail        |    39 |    77 ||   116
Dodge: Dodged            |    26 |    63 ||    89
Block: Shield            |    43 |    89 ||   132
